 Dungeon Crawl Stone Soup version 0.30-a0-634-g8abc85282e (webtiles) character file.

Game seed: 13270994545189918659

1964 tio the Geomancer (level 9, 0/88 HPs)
             Began as a Human Wanderer on Jan 14, 2023.
             Slain by an orc wizard
             ... wielding a +0 mace
              (4 damage)
             ... on level 6 of the Dungeon.
             The game lasted 00:39:23 (7227 turns).

tio the Geomancer (Human Wanderer)                  Turns: 7227, Time: 00:39:24

Health: 0/88       AC: 24    Str: 14    XL:     9   Next: 42%
Magic:  12/19      EV:  2    Int: 14    God:
Gold:   28         SH:  0    Dex: 14    Spells: 21/22 levels left

rFire   . . .      SeeInvis .    s - +1 quarterstaff
rCold   . . .      Faith    .    (shield currently unavailable)
rNeg    . . .      Spirit   .    (body armour currently unavailable)
rPois   +          Reflect  .    (helmet currently unavailable)
rElec   .          Harm     .    (cloak currently unavailable)
rCorr   .          Rampage  .    (gloves currently unavailable)
Will    .....      NoTele   +    (boots currently unavailable)
Stlth   ++                       u - amulet of regeneration
HPRegen 1.14/turn                e - ring of poison resistance
MPRegen 0.16/turn                B - ring of flight

@: tree-form (expiring)
A: stationary, stasis, torment immunity, boosted hp
a: no special abilities


You were on level 6 of the Dungeon.
You were a tree.
You visited 1 branch of the dungeon, and saw 6 of its levels.
You also visited: Ossuary.

You collected 283 gold pieces.
You spent 255 gold pieces at shops.

Inventory:

Hand Weapons
 s - a +1 quarterstaff (weapon)
 t - a +0 dagger of flaming
 C - a +2 vampiric hand axe
Missiles
 p - 4 silver boomerangs
Armour
 i - a +0 helmet (melded)
 q - a +0 pair of gloves (melded)
 x - a +0 chain mail (melded)
 y - a +0 cloak (melded)
 A - a +0 helmet
Jewellery
 e - a ring of poison resistance (left branch)
 u - an amulet of regeneration (around neck)
 B - a ring of flight (right branch)
Wands
 c - a wand of digging (3)
 z - a wand of flame (5)
 F - a wand of iceblast (5)
Scrolls
 a - a scroll of noise
 d - a scroll of enchant armour {unknown}
 m - a scroll of immolation
 n - 4 scrolls of vulnerability
 w - a scroll of amnesia
 D - a scroll of torment {unknown}
 G - a scroll of identify
Potions
 b - 3 potions of mutation
 f - 6 potions of attraction
 g - 3 potions of berserk rage
 h - a potion of magic {unknown}
 j - a potion of resistance {unknown}
 k - a potion of haste {unknown}
 l - 3 potions of degeneration {unknown}
 o - a potion of cancellation
 r - a potion of flight {unknown}
 v - 2 potions of brilliance


   Skills:
 + Level 1.1 Fighting
 + Level 0.8 Staves
 + Level 1.0 Throwing
 + Level 4.2 Armour
 + Level 2.4 Dodging
 + Level 1.0 Stealth
 + Level 7.2 Spellcasting
 + Level 8.3 Earth Magic
 + Level 0.7 Evocations


You had 21 spell levels left.
You knew the following spells:

 Your Spells              Type           Power      Damage    Failure   Level
a - Sandblast             Erth           56%        2d13      1%          1

Your spell library contained the following spells:

 Spells                   Type           Power      Damage    Failure   Level
 Stone Arrow              Conj/Erth      32%        3d9       8%          3
 Lee's Rapid Deconstruct  Erth           14%        3d9*      13%         5
 Animate Armour           Summ/Erth      32%        N/A       26%         4
 Leda's Liquefaction      Hex/Erth       8%         N/A       26%         4
 Statue Form              Tmut/Erth      10%        N/A       98%         6


Dungeon Overview and Level Annotations

Branches:
Dungeon (6/15)            Ossuary (visited)
 Temple: D:4-7

Altars:
Ru
Trog

Shops:
D:4 *

Annotations:
D:6 1 runed translucent door, baller8008's ghost, novice MiFi


Message History

The orc priest hits you but does no damage.
You cannot move.
You thump the orc priest!
The orc priest is severely wounded.
The howler monkey hoots and howls with incredible vigour!
The orc barely misses you.
The orc priest hits you but does no damage.
Something hits you but does no damage.
You hear a shout! x2; You hear an angry hiss.
You sock the orc priest!
You kill the orc priest!
The orc hits you but does no damage. Something hits you.
* * * LOW HITPOINT WARNING * * *
You sock the howler monkey!
The howler monkey is heavily wounded.
The howler monkey hits you but does no damage.
The orc hits you but does no damage. Something hits you but does no damage.
The howler monkey hits you.
* * * LOW HITPOINT WARNING * * *
The orc hits you but does no damage. Something hits you but does no damage.
You hit the howler monkey.
The howler monkey is almost dead.
The howler monkey hoots and howls with incredible vigour!
The orc hits you but does no damage. Something hits you.
* * * LOW HITPOINT WARNING * * *
You hit the howler monkey.
You kill the howler monkey!
Your transformation is almost over.
A gnoll sergeant comes into view. It is wielding a +0 trident.
Something hits you.
* * * LOW HITPOINT WARNING * * *
The orc hits you but does no damage.
You hit the orc but do no damage.
A centaur comes into view.
You hear some strange, mumbled words.
A magic dart appears from out of thin air!
The magic dart hits you but does no damage.
The orc hits you but does no damage.
You hit the orc but do no damage. Something hits you.
You die...

###......###...#
#.....##.....#
#............#
..#...g..#.###
......##...#
....# #..##
###.###...#
#){...<##
##♣.....##
#o)......#
...)..#.#..<.#
......#.###..#
.......### #.##
...#c.. ###
###.... #.##.


You could see a gnoll sergeant, a centaur and an orc.

Vanquished Creatures
  Grinder (D:3)
  Sigmund (D:3)
  An orc warrior (D:6)
  2 black bears
  A centaur (D:5)
  An ogre (D:3)
  2 howler monkeys
  3 hounds
  3 centaur zombies (Ossuary)
  4 orc priests
  A gnoll bouda (D:6)
  A human zombie (Ossuary)
  9 iguanas
  Terence (D:3)
  3 orc wizards
  3 mummies
  Robin (D:3)
  10 adders
  9 gnolls
  2 white imps (D:5)
  An adder zombie (Ossuary)
  4 worms
  A dart slug (D:4)
  19 orcs
  8 bats
  9 endoplasms
  A giant cockroach (D:3)
  12 goblins
  9 hobgoblins
  7 jackals
  8 quokkas
  5 ball pythons
  3 frilled lizards
  3 goblin zombies
  12 hobgoblin zombies (Ossuary)
  A jackal zombie (Ossuary)
  8 kobolds
  8 kobold zombies (Ossuary)
  10 orc zombies
  5 rats
193 creatures vanquished.

Notes
Turn   | Place    | Note
-------+----------+-------------------------------------------
     0 | D:1      | tio the Human Wanderer began the quest for the Orb.
     0 | D:1      | tio set off with the following items: a +0 dagger, a +0
                  | ring mail, a potion of curing, a potion of lignification;
                  | and the following spell memorised: Sandblast; and the
                  | following spells available to memorise: Stone Arrow,
                  | Animate Armour.
     0 | D:1      | Reached XP level 1. HP: 13/13 MP: 3/3
   179 | D:1      | Reached XP level 2. HP: 19/19 MP: 0/5
   953 | D:1      | Reached XP level 3. HP: 24/24 MP: 3/6
  1329 | D:2      | Reached XP level 4. HP: 18/30 MP: 2/8
  1606 | D:2      | Found a sacrificial altar of Ru.
  2239 | D:3      | Reached skill level 5 in Earth Magic
  2346 | D:3      | Reached XP level 5. HP: 35/35 MP: 5/9
  2529 | D:3      | Noticed Sigmund
  2541 | D:3      | Killed Sigmund
  2542 | D:3      | Reached XP level 6. HP: 39/41 MP: 2/12
  2628 | D:3      | Noticed Grinder
  2639 | D:3      | Killed Grinder
  2640 | D:3      | Reached skill level 1 in Stealth
  2640 | D:3      | Reached skill level 6 in Earth Magic
  2640 | D:3      | Reached XP level 7. HP: 37/46 MP: 4/14
  2711 | D:3      | Noticed Terence
  2719 | D:3      | Killed Terence
  2852 | D:3      | Reached skill level 5 in Spellcasting
  2988 | D:3      | Noticed Robin
  2994 | D:3      | Killed Robin
  3610 | D:4      | Found Bewkil Baji's Assorted Antiques.
  3661 | D:4      | Bought a cloak for 135 gold pieces
  3972 | D:4      | Reached XP level 8. HP: 52/52 MP: 10/15
  4255 | D:4      | Reached skill level 7 in Earth Magic
  4523 | D:5      | Entered Level 5 of the Dungeon
  4721 | D:5      | Found a sand-covered staircase.
  4733 | Ossuary  | Entered an ossuary
  5258 | Ossuary  | Reached skill level 1 in Fighting
  5801 | D:5      | Found a bloodstained altar of Trog.
  5913 | D:5      | Reached XP level 9. HP: 54/59 MP: 13/18
  6767 | D:4      | Bought a tapered silver wand for 120 gold pieces
  6976 | D:6      | Reached skill level 8 in Earth Magic
  7020 | D:6      | Found a runed translucent door.
  7025 | D:6      | Noticed baller8008's ghost (novice MiFi)
  7203 | D:6      | Identified the +1 leather armour of the Barber Surgeon
                  | {rElec Int+3}
  7220 | D:6      | HP: 4/88 [something (3)]
  7223 | D:6      | HP: 1/88 [howler monkey (3)]
  7227 | D:6      | Slain by an orc wizard

Illustrated notes

Levels and vault maps discovered:
D:1:      mrwooster_arrival_statue, layout_basic,
          wander_ebering_terrifying_dragon_lair
D:2:      layout_loops_ring, basic_altar, minmay_pentomino_x2
D:3:      layout_loops_ring, chequers_serial_rivers_micro_b, uniq_grinder,
          uniq_robin, uniq_terence, uniq_sigmund
D:4:      layout_basic, serial_shops, nicolae_stop_n_shop_2,
          kennysheep_generic_room_13
D:5:      minmay_octagon_keep, layout_basic, kennysheep_little_box,
          nicolae_ossuary_entry_giza, chequers_mini_garden
D:6:      layout_cave_pools, ebering_ghost_sewer_f

Skill      XL: |  1  2  3  4  5  6  7  8  9 |
---------------+----------------------------+-----
Spellcasting   | 3 4 5 6 7 |  7.2
Earth Magic    | 5 6 7 8 |  8.3
Stealth        | 1 |  1.0
Armour         | 3 4 |  4.2
Fighting       | 1 |  1.1
Dodging        | 2 |  2.4
Staves         | |  0.8
Throwing       | |  1.0
Evocations     | |  0.7

Action                   |  1- 3 |  4- 6 |  7- 9 || total
-------------------------+-------+-------+-------++-------
Melee: Dagger            |     2 |       |       ||     2
       Short sword       |     6 |       |       ||     6
       Quarterstaff      |       |       |   107 ||   107
 Cast: Sandblast         |    44 |    63 |   230 ||   337
Evoke: Wand              |       |       |    11 ||    11
  Use: Scroll            |     1 |       |    12 ||    13
       Potion            |       |       |    13 ||    13
Armor: Ring mail         |    11 |    11 |     2 ||    24
       Chain mail        |       |       |   269 ||   269
       Skin              |       |       |    39 ||    39
Dodge: Dodged            |    15 |    12 |   124 ||   151

Table legend: (Time is in decaauts)
 A = Elapsed time spent in this place.
 B = Non-inter-level travel time spent in this place.
 C = Inter-level travel time spent in this place.
 D = Time resting spent in this place.
 E = Time spent auto-exploring this place.
 F = Levels seen in this place.
 G = Mean time per level.
                   A        B        C        D        E       F      G
               +--------+--------+--------+--------+--------+-----+--------+
         Total |   7422 |   6750 |    672 |      0 |   5510 |   7 | 1060.3 |
       Dungeon |   6661 |   5989 |    672 |      0 |   4995 |   6 | 1110.2 |
       Ossuary |    760 |    760 |      0 |      0 |    515 |   1 |  760.0 |
               +--------+--------+--------+--------+--------+-----+--------+

Top non-repeatable levels by time:
     D:5: 1664 daAuts
     D:4: 1281 daAuts
     D:2: 1190 daAuts
     D:3: 1185 daAuts
     D:1: 1065 daAuts
 Ossuary: 760 daAuts
     D:6: 274 daAuts
